 Dungeon Crawl Stone Soup version 0.32-a0-918-g0f22ef8d61 (webtiles) character file.

Game seed: 157935672861458043

136059 bronco the Severer (level 16, -3/126 HPs)
             Began as a Mountain Dwarf Monk on Apr 11, 2024.
             Was the Champion of Vehumet.
             Killed from afar by a swamp dragon (4 damage)
             ... with a blast of poison
             ... on level 4 of the Swamp on Apr 12, 2024.
             The game lasted 03:10:32 (37189 turns).

bronco the Severer (Mountain Dwarf Monk)           Turns: 37189, Time: 03:10:32

Health: -3/126     AC: 21    Str: 16    XL:     16   Next: 65%
Magic:  10/33      EV:  7    Int: 29    God:    Vehumet [******]
Gold:   890        SH:  7    Dex: 12    Spells: 5/42 levels left

rFire   . . .        b - staff of conjuration
rCold   . . .        U - +1 buckler
rNeg    . . .        g - +6 chain mail "Pethro" {Int+3}
rPois   .            O - +0 hat {Int+3}
rElec   .            x - scarf {repulsion}
rCorr   .            L - +0 pair of gloves of the gadgeteer {Gadgeteer Wandboost ^Fragile}
SInv    .            C - +2 pair of boots {rampage}
Will    +....        Q - amulet of magic regeneration Stlth
                     p - +6 ring of intelligence
HPRegen 0.41/turn    X - ring of wizardry
MPRegen 0.63/turn

%: repel missiles, rampage, wizardry (x1)
@: lethally poisoned (-3 -> -31), very slightly contaminated, slowed, studying
Fire Magic, very slow
A: runic magic, artefact enchanting
a: Renounce Religion


You were on level 4 of the Swamp.
You worshipped Vehumet.
Vehumet was exalted by your worship.
You visited 5 branches of the dungeon, and saw 27 of its levels.
You also visited: Gauntlet and Ice Cave.

You collected 3235 gold pieces.
You spent 2345 gold pieces at shops.

Inventory:

Hand Weapons
 a - a +0 heavy broad axe
 j - a +0 broad axe
 s - a +2 scimitar of flaming
Missiles
 m - 55 poisoned darts
 o - 2 javelins
 v - 17 boomerangs (quivered)
 I - 10 silver javelins
 J - a throwing net
 P - 2 curare-tipped darts
Armour
 g - the +6 chain mail "Pethro" (worn) {Int+3}
   (You found it in an ice cave)

   Int+3:     It affects your intelligence (+3).
 x - a scarf of repulsion (worn)
 A - a +0 scale mail of fire resistance
 C - a +2 pair of boots of rampaging (worn)
 F - a +0 kite shield
 L - the +0 pair of gloves of the gadgeteer (worn) {Gadgeteer Wandboost ^Fragile}
   (You found it in a Gauntlet)

   Gadgeteer: Your evocable items recharge 30% faster and wands have a 30%
   chance to not spend a charge.
   Wandboost: Your wands are more powerful.
   ^Fragile:  It will be destroyed if unequipped.
 O - a +0 hat of intelligence (worn)
 U - a +1 buckler (worn)
Magical Staves
 b - a staff of conjuration (weapon)
 S - a staff of earth
Jewellery
 p - a +6 ring of intelligence (left hand)
 y - a ring of protection from fire
 z - an amulet of regeneration
 B - the ring "Xaeger" {rC+ Str+4 Stlth+}
   (You found it in an ice cave)

   [ring of protection from cold]

   Str+4:     It affects your strength (+4).
   rC+:       It protects you from cold.
   Stlth+:    It makes you more stealthy.
 D - a ring of fire
 K - a ring of flight
 Q - an amulet of magic regeneration (around neck)
 R - a ring of positive energy
 X - a ring of wizardry (right hand)
 Y - the ring "Jacs" {rPois rF- Str+6 Dex+5}
   (You found it on level 11 of the Dungeon)

   [ring of strength]

   Str+6:     It affects your strength (+6).
   Dex+5:     It affects your dexterity (+5).
   rF-:       It makes you vulnerable to fire.
   rPois:     It protects you from poison.
Wands
 d - a wand of roots (16)
 h - a wand of charming (28)
 H - a wand of flame (9)
 M - a wand of polymorph (17)
Scrolls
 c - 8 scrolls of identify
 e - 3 scrolls of teleportation
 i - 2 scrolls of fear
 k - 2 scrolls of revelation
 n - a scroll of torment
 q - 2 scrolls of amnesia
 r - 2 scrolls of summoning
 G - 3 scrolls of poison
 N - a scroll of vulnerability
Potions
 l - 2 potions of might
 t - a potion of enlightenment
 u - a potion of ambrosia
 w - 4 potions of haste
 E - 3 potions of mutation
 T - a potion of resistance
 W - a potion of invisibility
 Z - a potion of brilliance
Miscellaneous
 V - a box of beasts


   Skills:
 - Level 7.0 Fighting
 - Level 16.2 Axes
 - Level 7.6 Armour
 - Level 3.4 Dodging
 - Level 8.8 Shields
 + Level 13.6 Spellcasting
 - Level 8.4 Conjurations
 - Level 10.6 Necromancy
 - Level 14.0 Fire Magic
 - Level 8.5 Earth Magic


You had 5 spell levels left.
You knew the following spells:

 Your Spells              Type           Power      Damage    Failure   Level
a - Scorch                Fire           100%       2d9       0%          2
b - Volatile Blastmotes   Fire/Tloc      100%       2d18      1%          3
c - Vampiric Draining     Necr           69%        2d10      1%          3
d - Starburst             Conj/Fire      45%        6d13      1%          6
e - Death Channel         Necr           34%        N/A       4%          6
f - Bombard               Conj/Erth      40%        9d7       3%          6
g - Permafrost Eruption   Ice/Erth       22%        2x4d6     14%         6
h - Freezing Cloud        Conj/Ice/Air   26%        6-21      5%          5

Your spell library contained the following spells:

 Spells                   Type           Power      Damage    Failure   Level
 Maxwell's Capacitive Co  Air            9%         ∞         99%         8
 Foxfire                  Conj/Fire      100%       2x1d9     1%          1
 Magic Dart               Conj           100%       1d8       1%          1
 Necrotise                Necr           100%       1d9       1%          1
 Shock                    Conj/Air       100%       1d9       1%          1
 Sting                    Conj/Alch      100%       1d9       1%          1
 Mercury Vapours          Alch/Air       38%        N/A       1%          2
 Momentum Strike          Conj/Tloc      100%       3d10      1%          2
 Static Discharge         Conj/Air       100%       3-8/arc   1%          2
 Hailstorm                Conj/Ice       60%        3d11      1%          3
 Lee's Rapid Deconstruct  Erth           31%        3d16*     1%          5
 Apportation              Tloc           38%        N/A       2%          1
 Slow                     Hex            76%        N/A       2%          1
 Summon Small Mammal      Summ           76%        N/A       2%          1
 Blink                    Tloc           38%        N/A       3%          2
 Call Imp                 Summ           38%        N/A       3%          2
 Lesser Beckoning         Tloc           38%        N/A       3%          2
 Leda's Liquefaction      Alch/Erth      22%        N/A       4%          4
 Airstrike                Air            9%         2d(2-18)  6%          4
 Olgreb's Toxic Radiance  Alch           19%        N/A       6%          4
 Confusing Touch          Hex            19%        N/A       7%          3
 Ozocubu's Armour         Ice            19%        N/A       7%          3
 Sigil of Binding         Hex            19%        N/A       7%          3
 Summon Ice Beast         Ice/Summ       19%        N/A       7%          3
 Swiftness                Air            19%        N/A       7%          3
 Passage of Golubria      Tloc           19%        N/A       22%         4
 Summon Lightning Spire   Summ/Air       19%        N/A       22%         4
 Silence                  Hex/Air        9%         N/A       50%         5
 Plasma Beam              Fire/Air       28%        2x1d41    5%          6
 Lehudib's Crystal Spear  Conj/Erth      40%        10d10     63%         8
 Sculpt Simulacrum        Ice/Alch       9%         N/A       96%         6
 Ozocubu's Refrigeration  Ice            9%         4d9       96%         7
 Polar Vortex             Ice            9%         12d1*     99%         9


Dungeon Overview and Level Annotations

Branches:
Dungeon (15/15)            Temple (1/1) D:6            Lair (5/5) D:8
  Swamp (4/4) Lair:3        Snake (0/4) Lair:3        Slime (0/5) Lair:4
    Orc (2/2) D:12            Elf (0/3) Orc:2        Vaults (0/5) D:13
 Depths (0/4) D:15          IceCv (visited)         Gauntlet (visited)

Altars:
Ashenzari
Cheibriados
Dithmenos
Elyvilon
Fedhas
Gozag
Hepliaklqana
Kikubaaqudgha
Makhleb
Nemelex Xobeh
Okawaru
Qazlal
Ru
Sif Muna
Trog
Uskayaw
Vehumet
Wu Jian
Xom
Yredelemnul
Zin
The Shining One
Jiyva

Shops:
D:4 ???[?   D:11 :   D:14 *?=   Orc:2 (*?[(:

Annotations:
D:12 3 runed translucent doors, Belgor's ghost, journeyman MiBe


Innate Abilities, Weirdness & Mutations

Your spellcasting is much less encumbered by armour.
You can use scrolls of enchantment on lesser artefacts.


Message History

You feel extremely sick.
You feel extremely sick.
The bog body gestures at you while chanting.
You feel yourself slow down.
The swamp dragon breathes poison at you.
The blast of poison is repelled.
You enter the shallow water.
Moving in this stuff is going to be slow.
You are engulfed in poison gas.
You are more poisoned.
You feel extremely sick.
You are engulfed in poison gas.
You are more poisoned.
* * * LOW HITPOINT WARNING * * *
x2 You feel extremely sick.
The swamp dragon breathes poison at you.
The blast of poison engulfs you but does no damage.
You are more poisoned.
You hear a roar!
There is a stone staircase leading up here.
You are too injured to fight recklessly!
Unknown command.
Unknown command.
You feel better.
You are engulfed in poison gas.
You are poisoned.
* * * LOW HITPOINT WARNING * * *
You feel very sick.
Unknown command.
Unknown command.
Okay, then.
As you read the scroll of summoning, it crumbles to dust.
Wisps of shadow whirl around you...
You are engulfed in poison gas.
You are lethally poisoned!
* * * LOW HITPOINT WARNING * * *
x2 You feel extremely sick.
You block the bog body's attack.
The swamp dragon breathes poison at you.
The blast of poison engulfs you.
You are more poisoned.
You die...

~.~..♣♣..~~#
♣♣♣§.....~§.~#
♣~...~~.~~~.~#P
♣.~~~~§~~~☼~...
♣.☼~.~~~~~☼†~#~
♣○○♣~.♣~.§§~~..
♣♣○°n..~k.~....
♣~t@D...n..~..~
♣°°i○°~~.~~~~§#.
♣♣♣♣°°~~..§~~~..
♣♣~...~..~~##
♣♣~~~♣§..##
...♣...♣#
~♣♣...~..# .♣
♣♣~.~~.#


You could see a swamp dragon (catching breath, ally target), 2 bog bodies, a
swamp drake, a friendly ghost crab (summoned) and a friendly spriggan druid
(summoned).

Vanquished Creatures
  Jorgrun (Swamp:1)
  Gastronok (Lair:1)
  A thorn hunter (Swamp:3)
  2 azure jellies (IceCv)
  Aizul (Swamp:1)
  Roxanne (D:14)
  An ironbound preserver (D:13)
  An orc warlord (Orc:2)
  A quicksilver ooze (IceCv)
  An eleionoma (Swamp:1)
  A bunyip (Swamp:3)
  An ettin (D:15)
  Azrael (D:14)
  A minotaur (Gauntlet)
  Josephine (Orc:1)
  A fire dragon (Lair:5)
  Fannar (Lair:2)
  5 catoblepae
  7 hydras
  A ghost crab (Swamp:3)
  An anaconda (Lair:5)
  10 alligators
  2 centaur warriors
  A two-headed ogre (D:11)
  8 death yaks
  5 tengu warriors
  A death scarab (Gauntlet)
  A hell hog (Lair:5)
  4 orc high priests (Orc:2)
  The ghost of casanoah the Thaumaturge, a novice DsAl of Vehumet (D:11)
  2 skysharks (Lair:5)
  Amaemon (Lair:3)
  3 skeletal warriors (D:15)
  3 sixfirhies (Gauntlet)
  A fire crab (Gauntlet)
  2 goliath frogs (Swamp:1)
  A glowing orange brain (D:13)
  A deep troll (D:15)
  2 bog bodies
  4 spriggan druids
  A spectral hydra (Gauntlet)
  3 swamp dragons (Swamp:3)
  A harpy (shapeshifter) (D:14)
  A necromancer (D:15)
  2 orc knights
  2 lindwurms
  An obsidian bat (Orc:2)
  4 ugly things
  2 orc sorcerers (Orc:2)
  2 cyclopes
  A manticore (D:13)
  Maurice (D:9)
  A will-o-the-wisp (Swamp:1)
  A meliai (D:13)
  2 black mambas
  14 elephants
  4 gargoyles
  An eye of devastation (Gauntlet)
  2 unseen horrors (D:12)
  An orange demon (Lair:3)
  Maggie (D:10)
  10 cane toads
  An ice statue (IceCv)
  6 torpor snails
  Jeremiah (D:6)
  2 efreet
  A kobold demonologist (D:10)
  3 rime drakes
  3 tengu conjurers
  3 ice devils (D:11)
  7 komodo dragons
  10 polar bears
  2 bloated husks
  16 blink frogs
  8 trolls
  9 tyrant leeches
  4 raiju (Lair:5)
  15 hornets
  Prince Ribbit (D:9)
  A blink frog (shapeshifter) (D:14)
  A glass eye (Gauntlet)
  5 dream sheep (Lair:5)
  24 slime creatures
  2 centaur simulacra (D:11)
  6 spriggans
  A spriggan (shapeshifter) (D:14)
  3 wraiths (Orc:1)
  39 yaks
  3 vampires
  5 wyverns
  4 fire elementals
  4 basilisks
  3 fire bats (Gauntlet)
  A golden eye (Gauntlet)
  Grum (D:8)
  8 wargs
  2 vampire mosquitoes
  3 nagas (Lair:3)
  A steam dragon (D:9)
  Menkaure (D:7)
  10 swamp worms
  3 acid dragons
  12 water moccasins
  14 hell hounds
  5 great orb of eyes simulacra (IceCv)
  4 swamp drakes
  31 orc warriors
  12 black bears
  6 ice beasts
  2 laughing skulls (D:14)
  20 wolves
  5 ogres
  2 centaurs
  3 slime creature simulacra (IceCv)
  A phantom (D:6)
  7 kobold brigands
  A brain worm (shapeshifter) (D:15)
  13 bullfrogs
  2 gnoll sergeants
  2 scorpions
  3 glowing shapeshifter simulacra (IceCv)
  19 wights
  13 killer bees
  4 electric eels
  4 howler monkeys
  4 hounds
  45 orc priests
  A bombardier beetle (D:3)
  A jelly (D:6)
  5 iguanas
  39 orc wizards
  2 shapeshifter simulacra (IceCv)
  14 gnolls
  10 adders
  5 white imps
  2 dart slugs
  2 ribbon worms
  93 orcs
  6 ball pythons
  9 endoplasms
  4 giant cockroaches
  6 goblins
  10 hobgoblins
  9 jackals
  3 quokkas
  3 bats
  2 frilled lizards (D:3)
  22 kobolds
  5 rats
853 creatures vanquished.

Vanquished Creatures (collateral kills)
  A tentacled monstrosity (Swamp:3)
  An alligator (Swamp:3)
  A boulder beetle (D:15)
  A goliath frog (Swamp:2)
  A deep elf pyromancer (D:15)
  2 will-o-the-wisps
  4 ugly things (D:15)
  A hornet (Swamp:1)
  A swamp worm (Swamp:1)
  A water moccasin (Lair:5)
14 creatures vanquished.

Vanquished Creatures (others)
  An orc wizard (Orc:2)
  13 foxfires
14 creatures vanquished.

Grand Total: 881 creatures vanquished

Notes
Turn   | Place    | Note
-------+----------+-------------------------------------------
     0 | D:1      | bronco the Mountain Dwarf Monk began the quest for the Orb.
     0 | D:1      | Reached XP level 1. HP: 19/19 MP: 1/1
   195 | D:1      | Reached skill level 4 in Axes
   389 | D:1      | Reached XP level 2. HP: 23/26 MP: 2/2
   699 | D:1      | Reached skill level 5 in Axes
  1049 | D:1      | Reached XP level 3. HP: 31/31 MP: 3/3
  1540 | D:2      | Found a hide-covered altar of Uskayaw.
  1835 | D:2      | Reached XP level 4. HP: 38/38 MP: 4/4
  1862 | D:2      | Reached skill level 6 in Axes
  2176 | D:3      | Found an iron altar of Okawaru.
  2369 | D:3      | Reached XP level 5. HP: 45/45 MP: 5/5
  2382 | D:3      | Reached skill level 7 in Axes
  2662 | D:3      | You fall into a shaft and drop 2 floors!
  2662 | D:5      | Entered Level 5 of the Dungeon
  2971 | D:4      | Reached skill level 1 in Armour
  3011 | D:4      | Reached XP level 6. HP: 51/52 MP: 6/6
  3137 | D:4      | Found Cax Sih's Magic Scroll Shoppe.
  3138 | D:4      | Found Itaw's Magic Scroll Shoppe.
  3139 | D:4      | Found Onoec's Armour Shoppe.
  3140 | D:4      | Found Koos Jairuu's Magic Scroll Shoppe.
  3164 | D:4      | Found Siogydd's Magic Scroll Emporium.
  3255 | D:4      | Found a shadowy altar of Dithmenos.
  3257 | D:4      | Found a stormy altar of Qazlal.
  3755 | D:5      | Reached skill level 8 in Axes
  4008 | D:6      | Reached XP level 7. HP: 59/59 MP: 7/7
  4033 | D:6      | Reached skill level 9 in Axes
  4086 | D:6      | Found a staircase to the Ecumenical Temple.
  4095 | Temple   | Entered the Ecumenical Temple
  4100 | Temple   | Became a worshipper of Vehumet
  4100 | Temple   | Reached * piety under Vehumet
  4100 | Temple   | Offered knowledge of Sting by Vehumet.
  4100 | Temple   | Reached ** piety under Vehumet
  4220 | D:6      | Reached skill level 5 in Fighting
  4433 | D:6      | Offered knowledge of Scorch by Vehumet.
  4442 | D:6      | Reached XP level 8. HP: 69/69 MP: 8/8
  4447 | D:6      | Reached skill level 5 in Armour
  4664 | D:6      | Noticed Jeremiah
  4823 | D:7      | Learned a level 2 spell: Scorch
  4993 | D:7      | Reached skill level 5 in Fire Magic
  5006 | D:7      | Offered knowledge of Volatile Blastmotes by Vehumet.
  5052 | D:7      | Learned a level 3 spell: Volatile Blastmotes
  5201 | D:7      | Noticed Menkaure
  5448 | D:7      | Reached *** piety under Vehumet
  5803 | D:7      | Killed Menkaure
  5804 | D:7      | Reached skill level 1 in Spellcasting
  5804 | D:7      | Reached XP level 9. HP: 38/75 MP: 8/11
  6151 | D:6      | Killed Jeremiah
  6720 | D:8      | Offered knowledge of Ignite Poison by Vehumet.
  6731 | D:8      | Noticed an elephant
  6914 | D:8      | Learned a level 3 spell: Vampiric Draining
  6974 | D:8      | Reached skill level 1 in Necromancy
  7027 | D:8      | Noticed an elephant
  7057 | D:8      | Killed an elephant
  7144 | D:8      | Noticed a komodo dragon
  7209 | D:8      | Killed a komodo dragon
  7210 | D:8      | Reached skill level 10 in Axes
  7324 | D:8      | Reached XP level 10. HP: 55/83 MP: 17/17
  7344 | D:8      | Reached **** piety under Vehumet
  7411 | D:8      | Reached skill level 11 in Axes
  7441 | D:8      | Noticed Grum
  7477 | D:8      | Killed Grum
  7481 | D:8      | Offered knowledge of Yara's Violent Unravelling by Vehumet.
  7872 | D:8      | Reached skill level 12 in Axes
  8005 | D:8      | Killed an elephant
  8186 | D:8      | Found a staircase to the Lair.
  8305 | D:9      | Noticed Maurice
  8305 | D:9      | Noticed a centaur warrior
  8466 | D:9      | Reached skill level 5 in Spellcasting
  8949 | D:9      | Noticed Prince Ribbit
  8963 | D:9      | Killed Prince Ribbit
  8997 | D:9      | Something stole an amulet of magic regeneration
  9013 | D:9      | Killed a centaur warrior
  9208 | Lair:1   | Entered Level 1 of the Lair of Beasts
  9208 | Lair:1   | Noticed Gastronok
  9225 | Lair:1   | Killed Gastronok
  9226 | Lair:1   | Reached XP level 11. HP: 63/89 MP: 11/22
  9737 | Lair:1   | Reached skill level 13 in Axes
 11060 | Lair:2   | Noticed Fannar
 11097 | Lair:2   | Killed Fannar
 11098 | Lair:2   | Reached skill level 1 in Conjurations
 11273 | Lair:2   | Identified the +1 robe of Peidess {rC- Int+4 SInv}
 11605 | Lair:3   | Noticed a lindwurm
 11614 | Lair:3   | Killed a lindwurm
 12385 | Lair:3   | Reached XP level 12. HP: 96/100 MP: 24/24
 12560 | D:4      | Bought a scroll of brand weapon for 104 gold pieces
 12579 | D:4      | Bought a scroll of enchant weapon for 75 gold pieces
 12582 | D:4      | Bought a scroll of enchant weapon for 82 gold pieces
 12582 | D:4      | Bought a scroll of summoning for 104 gold pieces
 12582 | D:4      | Bought a scroll of brand weapon for 104 gold pieces
 12582 | D:4      | Bought a scroll of revelation for 82 gold pieces
 12817 | D:9      | Found an ancient bone altar of Kikubaaqudgha.
 12967 | D:9      | Killed Maurice
 13282 | Lair:3   | Reached ***** piety under Vehumet
 13400 | Lair:3   | Offered knowledge of Eringya's Noxious Bog by Vehumet.
 13469 | Lair:3   | Found a staircase to the Snake Pit.
 13498 | Lair:3   | Found a hide-covered altar of Uskayaw.
 13620 | Lair:3   | Reached skill level 10 in Fire Magic
 13658 | Lair:3   | Identified the +6 chain mail of Trumpets {Str+2}
 13714 | Lair:3   | Noticed Amaemon
 14059 | Lair:3   | Killed Amaemon
 14734 | Lair:3   | Found a staircase to the Swamp.
 14865 | Lair:4   | Noticed a six-headed hydra
 14874 | Lair:5   | Entered Level 5 of the Lair of Beasts
 14874 | Lair:5   | Noticed a catoblepas
 14888 | Lair:5   | Killed a catoblepas
 15385 | Lair:4   | Reached XP level 13. HP: 105/105 MP: 18/25
 15500 | Lair:4   | Reached skill level 5 in Necromancy
 15513 | Lair:4   | Found a viscous altar of Jiyva.
 15518 | Lair:4   | Found a staircase to the Slime Pits.
 15870 | Lair:4   | Learned a level 6 spell: Starburst
 15877 | Lair:4   | Learned a level 6 spell: Plasma Beam
 15974 | Lair:4   | Reached skill level 5 in Conjurations
 17422 | Lair:5   | Reached skill level 1 in Shields
 17607 | Lair:5   | Reached skill level 5 in Shields
 17873 | Lair:5   | Reached XP level 14. HP: 71/113 MP: 26/26
 18778 | Lair:5   | Reached skill level 14 in Axes
 18859 | Lair:5   | Offered knowledge of Orb of Destruction by Vehumet.
 19187 | Lair:5   | Identified the +2 lajatang of the Eternal Warrior {heavy,
                  | Str+3}
 20187 | D:10     | Entered Level 10 of the Dungeon
 20303 | D:10     | Reached skill level 15 in Axes
 20314 | D:10     | Noticed Maggie
 20328 | D:10     | Killed Maggie
 20810 | D:10     | Found a snail-covered altar of Cheibriados.
 21269 | D:11     | Found a frozen archway.
 21286 | IceCv    | Entered an ice cave
 21763 | IceCv    | Got the Commentary on Firn
 21765 | IceCv    | Got the ring "Xaeger" {rC+ Str+4 Stlth+}
 22093 | IceCv    | Reached skill level 16 in Axes
 22214 | IceCv    | Noticed a quicksilver ooze
 22227 | IceCv    | Killed a quicksilver ooze
 22229 | IceCv    | Offered knowledge of Bombard by Vehumet.
 22311 | IceCv    | Learned a level 6 spell: Bombard
 22340 | IceCv    | Reached skill level 1 in Earth Magic
 22379 | IceCv    | Found a viscous altar of Jiyva.
 22379 | IceCv    | Noticed an azure jelly
 22393 | IceCv    | Killed an azure jelly
 22442 | IceCv    | Noticed an azure jelly
 22455 | IceCv    | Killed an azure jelly
 22528 | IceCv    | Got the ring of Gin and Tonic {Ice Will+++ Str+2 Slay-6
                  | Stlth+}
 22529 | IceCv    | Identified the +6 chain mail "Pethro" {Int+3}
 22532 | IceCv    | Got the Exposition on Snow
 22533 | IceCv    | Identified the ring "Kulefra" {Fly rC+ Str+6 Dex-5}
 22742 | D:11     | Noticed casanoah's ghost (novice DsAl)
 22897 | D:11     | Found Humap's Self-Improvement Boutique.
 23046 | D:11     | Found a runed translucent gate.
 23046 | D:11     | Found a runed translucent gate.
 23046 | D:11     | Found a runed translucent gate.
 23509 | D:12     | Reached skill level 5 in Earth Magic
 24172 | D:12     | Found a runed translucent gate.
 24172 | D:12     | Found a runed translucent gate.
 24172 | D:12     | Found a runed translucent gate.
 24174 | D:12     | Noticed Belgor's ghost (journeyman MiBe)
 24421 | D:12     | Reached ****** piety under Vehumet
 24568 | D:12     | Found a staircase to the Orcish Mines.
 24894 | Orc:1    | Entered Level 1 of the Orcish Mines
 24950 | Orc:1    | Noticed Josephine
 24952 | Orc:1    | Offered knowledge of Fireball by Vehumet.
 24956 | Orc:1    | Killed Josephine
 25240 | Orc:2    | Entered Level 2 of the Orcish Mines
 25541 | Orc:2    | Found Bugh's Book Emporium.
 25578 | Orc:2    | Reached XP level 15. HP: 118/118 MP: 24/27
 26065 | Orc:2    | Found Tyachugi's Weapon Boutique.
 26503 | Orc:2    | Offered knowledge of Spellforged Servitor by Vehumet.
 26779 | Orc:2    | Found Jile's Magic Scroll Shop.
 26779 | Orc:2    | Found Jidyt's Armour Shop.
 26781 | Orc:2    | Found Riceorih's Assorted Antiques.
 26789 | Orc:2    | Found Efudipta's Weapon Boutique.
 27334 | Orc:2    | Found a staircase to the Elven Halls.
 27555 | D:11     | Bought a manual of Fire Magic for 1200 gold pieces
 27689 | Orc:2    | Bought a scroll of summoning for 114 gold pieces
 27812 | D:13     | Found a gate leading to a gauntlet.
 27951 | Gauntlet | Entered a Gauntlet
 27951 | Gauntlet | Found a transporter.
 27951 | Gauntlet | Found a runed translucent door.
 27952 | Gauntlet | Found a runed translucent door.
 27960 | Gauntlet | Found a transporter.
 27963 | Gauntlet | Found a transporter.
 27964 | Gauntlet | Found a transporter.
 27975 | Gauntlet | Found a transporter.
 27976 | Gauntlet | Found a transporter.
 27980 | Gauntlet | Found a transporter.
 27986 | Gauntlet | Found a transporter.
 27989 | Gauntlet | Found a transporter.
 27990 | Gauntlet | Found a transporter.
 28015 | Gauntlet | Found a transporter.
 28018 | Gauntlet | Found a transporter.
 28019 | Gauntlet | Found a transporter.
 28026 | Gauntlet | Found the +0 pair of gloves of the gadgeteer {Gadgeteer
                  | Wandboost ^Fragile}
 28028 | Gauntlet | Found a transporter.
 28373 | Gauntlet | Reached skill level 10 in Necromancy
 28841 | Gauntlet | Identified the +8 spear of Disharmony {freeze, rPois Str+5}
 29425 | D:13     | Found a gate to the Vaults.
 29892 | D:14     | Learned a level 6 spell: Death Channel
 30110 | D:14     | Found Peukhl Xuzirr's Jewellery Boutique.
 30322 | D:14     | Noticed Azrael
 30521 | D:14     | Found Lagrer's General Store.
 30543 | D:14     | Bought a ring of wizardry for 300 gold pieces
 30560 | D:14     | Found Hiewex's Magic Scroll Emporium.
 30575 | D:14     | Bought a scroll of blinking for 90 gold pieces
 30575 | D:14     | Bought a scroll of revelation for 90 gold pieces
 30593 | D:14     | Noticed Roxanne
 30768 | D:15     | Entered Level 15 of the Dungeon
 30848 | D:15     | Offered knowledge of Irradiate by Vehumet.
 30855 | D:15     | Reached skill level 10 in Spellcasting
 31394 | D:15     | Learned a level 6 spell: Permafrost Eruption
 31425 | D:15     | Found a staircase to the Depths.
 31923 | D:14     | Killed Azrael
 31924 | D:14     | Reached XP level 16. HP: 126/126 MP: 17/30
 32156 | D:14     | Killed Roxanne
 32862 | D:11     | Identified the ring "Jacs" {rPois rF- Str+6 Dex+5}
 32875 | D:11     | Got the ring "Veydwudo" {Fire Dex+5}
 33033 | D:11     | Killed casanoah's ghost
 33423 | Swamp:1  | Entered Level 1 of the Swamp
 33423 | Swamp:1  | Noticed Jorgrun
 33668 | Swamp:1  | Killed Jorgrun
 34171 | Swamp:1  | Identified the serpent talisman of the Fisher {Str+2 Int+3}
 34171 | Swamp:1  | Noticed Aizul
 34184 | Swamp:1  | Killed Aizul
 34430 | Swamp:1  | Learned a level 5 spell: Freezing Cloud
 34430 | Swamp:1  | You fall into a shaft and drop 1 floor!
 35891 | Swamp:3  | Noticed a tentacled monstrosity
 35897 | Swamp:3  | Killed a tentacled monstrosity
 35899 | Swamp:3  | Offered knowledge of Maxwell's Capacitive Coupling by
                  | Vehumet.
 35989 | Swamp:3  | Noticed a thorn hunter
 35994 | Swamp:3  | Killed a thorn hunter
 37114 | Swamp:4  | Entered Level 4 of the Swamp
 37189 | Swamp:4  | HP: 1/126 [poisoned by a swamp dragon (poison gas)]
 37189 | Swamp:4  | Killed from afar by a swamp dragon

Illustrated notes

Levels and vault maps discovered:
D:1:      elethiomel_arrival_infinity_welcomes_careful_drivers, layout_basic,
          dreamdust_princess_corridor
D:2:      layout_basic, basic_altar
D:3:      wander_river, layout_basic, mainiacjoe_overflow_alcove_1
D:4:      layout_cave_pools, chequers_temple_overflow_statue_of_worship,
          serial_shops, shop, minmay_shop_grid_forest, minmay_crossroads
D:5:      layout_rooms
D:6:      cheibrodos_two_vegetables, layout_basic,
          minmay_temple_entry_antechambers, uniq_jeremiah
D:7:      layout_loops_ring, nrook_mini_vaults, hangedman_glass_teeth,
          uniq_menkaure
D:8:      layout_loops_cross, grunt_lair_entry_orc_guard_hut, uniq_grum
D:9:      layout_cave_pods, mainiacjoe_overflow_alcove_4, uniq_maurice,
          uniq_prince_ribbit1
D:10:     layout_long_grid, lemuel_crystal_altar, uniq_maggie
D:11:     layout_basic, portal_ice_cave_demonic_guard, gammafunk_ghost_icy,
          nicolae_shop_self_help
D:12:     layout_stronghold, erik_orc_1, gammafunk_ghost_necromancy
D:13:     layout_rooms, hellmonk_vaults_order_and_chaos, gauntlet_entry_generic,
          eino_jars
D:14:     layout_cave_pools, nicolae_zig_zag_zippers, serial_shops,
          nicolae_shop_window_shopping, nicolae_shop_back_alley_shop, shop,
          uniq_azrael, uniq_roxanne
D:15:     hangedman_depths_entry_civil_slaughter, layout_irregular_city
Temple:   sentei_temple_godly_chess
Lair:1:   layout_gridlike, serial_bayou_shore_b, uniq_gastronok
Lair:2:   layout_misc_corridors, gammafunk_lair_bear_cave, lemuel_fruit_tree,
          uniq_fannar
Lair:3:   layout_roguey, mainiacjoe_swamp_entry_angry_trees,
          nicolae_snake_entry_squirm, basic_altar, grunt_megastairs_1,
          uniq_amaemon
Lair:4:   layout_layer_cave, dpeg_slime_entry_corner, serial_bayou_pond_b,
          infiniplex_staircase_pool_2
Lair:5:   hangedman_lair_caniforms_friends, layout_small_grid, wormcave,
          lemuel_fruit_fields
Swamp:1:  layout_falls_marsh, evilmike_swamp_ruin_house_2, uniq_jorgrun,
          uniq_aizul
Swamp:2:  nicolae_swamp_ascending_descending, layout_basic_swamp,
          nicolae_swamp_bean_lake, swamp_pool_5, nicolae_swamp_big_swirl,
          nicolae_swamp_round_clearing
Swamp:3:  layout_falls_marsh, serial_swamp_ruin, evilmike_swamp_ruin_rubble_2,
          evilmike_swamp_ruin_house_4, evilmike_swamp_ruin_house_3,
          nicolae_swamp_tree_isthmus
Swamp:4:  grunt_swamp_rune_castle, layout_basic_swamp
Orc:1:    layout_diamond_mine, uniq_josephine
Orc:2:    st_orc_mages, layout_caves, serial_shops, shop, shop

Skill      XL: |  1  2  3  4  5  6  7  8  9 10 11 12 13 14 15 16 |
---------------+-------------------------------------------------+-----
Axes           | 4 5 6 7 8 9 10 12 13 16 | 16.2
Armour         | 1 2 4 5 7 |  7.6
Fighting       | 4 5 6 7 |  7.0
Fire Magic     | 7 8 14 | 14.0
Spellcasting   | 1 4 7 8 10 13 | 13.6
Necromancy     | 4 6 10 | 10.6
Conjurations   | 2 4 8 |  8.4
Dodging        | 3 |  3.4
Shields        | 8 |  8.8
Earth Magic    | 8 |  8.5

Action                     |  1- 3 |  4- 6 |  7- 9 | 10-12 | 13-15 | 16-18 || total
---------------------------+-------+-------+-------+-------+-------+-------++-------
  Melee: Hand axe          |   129 |   190 |       |       |       |       ||   319
         War axe           |       |     9 |    93 |       |       |       ||   102
         Battleaxe         |       |       |   214 |   300 |   167 |       ||   681
         Broad axe         |       |       |       |       |   290 |    35 ||   325
         Staff             |       |       |       |       |     1 |     1 ||     2
   Fire: Hand cannon       |       |    11 |    14 |       |       |       ||    25
         Shortbow          |       |       |       |    21 |       |       ||    21
         Longbow           |       |       |       |       |     2 |       ||     2
  Throw: Stone             |     5 |     1 |     6 |       |       |       ||    12
         Dart              |       |     7 |    29 |    64 |   134 |     2 ||   236
         Boomerang         |       |    42 |    38 |    20 |   101 |    11 ||   212
         Throwing net      |       |     1 |     2 |     1 |       |       ||     4
         Javelin           |       |       |     2 |       |     8 |     1 ||    11
   Cast: Scorch            |       |       |    22 |   150 |   439 |    71 ||   682
         Volatile Blastmot |       |       |    17 |    63 |    36 |       ||   116
         Vampiric Draining |       |       |     1 |    66 |    24 |     2 ||    93
         Starburst         |       |       |       |       |   168 |    26 ||   194
         Plasma Beam       |       |       |       |       |     4 |       ||     4
         Bombard           |       |       |       |       |    28 |    32 ||    60
         Permafrost Erupti |       |       |       |       |     6 |    31 ||    37
         Death Channel     |       |       |       |       |     4 |     6 ||    10
         Freezing Cloud    |       |       |       |       |       |    17 ||    17
  Evoke: Wand              |       |       |     1 |     6 |     3 |     1 ||    11
         Box of beasts     |       |       |       |       |     1 |       ||     1
    Use: Scroll            |       |     7 |     7 |    14 |    14 |     3 ||    45
         Potion            |       |       |       |     9 |     9 |     6 ||    24
   Stab: Held in net/web   |       |     1 |       |     2 |       |       ||     3
         Invisible         |       |       |       |       |     4 |       ||     4
 Armour: Robe              |    12 |       |       |       |       |       ||    12
         Ring mail         |    64 |    39 |       |       |       |       ||   103
         Scale mail        |       |    90 |   206 |   373 |    25 |       ||   694
         Chain mail        |       |     2 |    85 |   261 |   699 |   100 ||  1147
         Leather armour    |       |       |       |       |    27 |       ||    27
  Dodge: Dodged            |    65 |    96 |   123 |   238 |   249 |    23 ||   794
         Repelled          |       |       |       |       |     6 |    18 ||    24
  Block: Kite shield       |       |       |       |       |   317 |       ||   317
         Buckler           |       |       |       |       |     3 |    23 ||    26

Table legend: (Time is in decaauts)
 A = Elapsed time spent in this place.
 B = Non-inter-level travel time spent in this place.
 C = Inter-level travel time spent in this place.
 D = Time resting spent in this place.
 E = Time spent auto-exploring this place.
 F = Levels seen in this place.
 G = Mean time per level.
                   A        B        C        D        E       F      G
               +--------+--------+--------+--------+--------+-----+--------+
         Total |  37887 |  34541 |   3346 |   7996 |  17248 |  29 | 1306.4 |
       Dungeon |  18207 |  16251 |   1956 |   2345 |   9406 |  15 | 1213.8 |
        Temple |     10 |      6 |      4 |      0 |      0 |   1 |   10.0 |
          Lair |  10904 |   9934 |    970 |   3149 |   4627 |   5 | 2180.8 |
         Swamp |   3585 |   3356 |    229 |    851 |   1820 |   4 |  896.2 |
  Orcish Mines |   2713 |   2527 |    186 |    603 |   1221 |   2 | 1356.5 |
      Ice Cave |   1417 |   1417 |      0 |    592 |    120 |   1 | 1417.0 |
      Gauntlet |   1049 |   1049 |      0 |    455 |     54 |   1 | 1049.0 |
               +--------+--------+--------+--------+--------+-----+--------+

Top non-repeatable levels by time:
  Lair:5: 3286 daAuts
  Lair:3: 2423 daAuts
   Orc:2: 2040 daAuts
  Lair:2: 1963 daAuts
  Lair:4: 1914 daAuts
    D:12: 1910 daAuts
     D:8: 1859 daAuts
     D:6: 1578 daAuts
     D:1: 1545 daAuts
    D:14: 1525 daAuts
   IceCv: 1417 daAuts
     D:9: 1402 daAuts
     D:7: 1371 daAuts
    D:11: 1365 daAuts
  Lair:1: 1317 daAuts
